[Event "Titled Tuesday Blitz March 07 Early 2023"]
[White "Petrova, Irina"]
[Black "Kopczynski, Michal"]
[WhiteFideId "14124122"]
[BlackFideId "1124200"]
[WhiteElo "2084"]
[BlackElo "2212"]
[Result "1-0"]
[Round "11"]
[TimeControl "180+2"]
[Date "2023.03.07"]
[WhiteClock "0:01:04"]
[BlackClock "0:00:22"]

1. e4 b6 2. d4 Bb7 3. Nc3 e6 4. Be3 Nf6 5. f3 d5 6. Bd3 dxe4 7. Nxe4 Nxe4 8. fxe4 Bxe4 9. Nf3 Bxd3 10. Qxd3 Be7 11. O-O-O O-O 12. Ne5 Bf6 13. Qe4 Qd5 14. Qxd5 exd5 15. Ng4 Be7 16. Bf4 Na6 17. Ne5 Rfe8 18. Nc6 Bf6 19. Rhe1 Kf8 20. c3 Re6 21. Rxe6 fxe6 22. Re1 Kf7 23. Kc2 Rf8 24. Nxa7 Ke7 25. Bg3 Kd7 26. Nb5 Bd8 27. a4 Nb8 28. Re2 Nc6 29. Rf2 Rxf2+ 30. Bxf2 e5 31. dxe5 Nxe5 32. Bg3 Ng4 33. Kd3 c6 34. Nd4 Bf6 35. Nf5 h5 36. Ne3 Nh6 37. b4 g5 38. a5 bxa5 39. bxa5 Kc8 40. a6 h4 41. Bd6 Nf7 42. a7 Kb7 43. Bb8 Be5 44. c4 dxc4+ 45. Nxc4 Bxb8 46. axb8=Q+ Kxb8 47. Ke4 Kc7 48. Kf5 Nd6+ 49. Nxd6 Kxd6 50. Kxg5 Ke5 51. Kxh4 c5 52. g4 c4 53. g5 c3 54. Kh5 c2 55. g6 Kf6 56. h4 c1=Q 57. g7 Qh6+ 58. Kxh6 1-0


[Site "https://www.chess.com"]

[Event "Titled Tuesday Blitz March 07 Early 2023"]
[White "Osinovsky, Stepan"]
[Black "Turzo, Attila"]
[WhiteFideId "4157354"]
[BlackFideId "704954"]
[WhiteElo "2222"]
[BlackElo "2521"]
[Result "0-1"]
[Round "11"]
[TimeControl "180+2"]
[Date "2023.03.07"]
[WhiteClock "0:00:09"]
[BlackClock "0:01:00"]

1. Nf3 c5 2. g3 Nc6 3. Bg2 g6 4. O-O Bg7 5. d3 e5 6. e4 Nge7 7. c3 O-O 8. Re1 h6 9. Na3 d6 10. Nc2 d5 11. exd5 Nxd5 12. d4 exd4 13. cxd4 c4 14. Ne3 Nxe3 15. Bxe3 Be6 16. Qc1 Kh7 17. b3 cxb3 18. axb3 Bd5 19. Qc5 Bxf3 20. Bxf3 Bxd4 21. Bxd4 Nxd4 22. Bxb7 Nxb3 23. Qc6 Nxa1 24. Rxa1 Rb8 25. Rxa7 Qe7 26. Ra6 Qxb7 0-1


[Site "https://www.chess.com"]

[Event "Titled Tuesday Blitz March 07 Early 2023"]
[White "Harriott, Tyrell"]
[Black "Lehtosaari, Mauri"]
[WhiteFideId "2086484"]
[BlackFideId "501999"]
[WhiteElo "2107"]
[BlackElo "2514"]
[Result "0-1"]
[Round "11"]
[TimeControl "180+2"]
[Date "2023.03.07"]
[WhiteClock "0:00:22"]
[BlackClock "0:00:15"]

1. d4 d5 2. e3 Nf6 3. Bd3 Bg4 4. Ne2 e6 5. f4 Nbd7 6. Nd2 g6 7. O-O Bg7 8. Nf3 Bxf3 9. gxf3 c5 10. b3 cxd4 11. Nxd4 O-O 12. Ba3 Re8 13. Nb5 Qb6 14. Nd4 Nh5 15. Bb2 Nxf4 16. Bb5 Bxd4 17. Qxd4 Qxd4 18. Bxd4 a6 19. Bxd7 Ne2+ 20. Kf2 Nxd4 21. Bxe8 Nxc2 22. Rac1 Nb4 23. Bxf7+ Kxf7 24. Rc7+ Kf6 25. Rxb7 Nxa2 26. Rxh7 Rc8 27. Ra1 Rc2+ 28. Kg3 Rb2 29. Ra7 Nb4 30. Rb7 Nc2 31. Rxa6 Nxe3 32. f4 Nf5+ 33. Kf3 Rxb3+ 34. Rxb3 Nd4+ 35. Kg4 Nxb3 36. Ra4 Nc5 37. Ra8 Ne4 38. Rf8+ Kg7 39. Ra8 Kf6 40. Kf3 Nd6 41. Rh8 Ne4 42. h4 Nd2+ 43. Ke3 Ne4 44. Rf8+ Ke7 45. Ra8 Kf6 46. Rh8 Nd6 47. h5 Nf5+ 48. Kf3 gxh5 49. Rxh5 Nd4+ 50. Kg4 Nf5 51. Rh6+ Nxh6+ 52. Kf3 Kf5 53. Ke3 Ng8 54. Kd4 Ne7 55. Ke3 Ng6 56. Kf3 Nxf4 57. Ke3 Ng6 58. Kf3 Ne7 59. Kg3 e5 60. Kf3 e4+ 61. Ke3 Ke5 62. Kf2 d4 63. Ke2 Kf4 64. Kf2 e3+ 65. Ke2 Ke4 66. Kf1 d3 67. Ke1 Kf3 68. Kf1 e2+ 69. Ke1 d2+ 70. Kxd2 Kf2 71. Kd3 e1=Q 72. Kd4 Qe3+ 73. Kc4 Qe5 74. Kd3 Qd5+ 75. Kc2 Ke2 76. Kc3 Qc5+ 77. Kb3 Kd2 78. Kb2 Qb5+ 79. Ka1 Kc2 0-1


[Site "https://www.chess.com"]

[Event "Titled Tuesday Blitz March 07 Early 2023"]
[White "Garrido, Denis"]
[Black "Ezat, Mohamed"]
[WhiteFideId "601217"]
[BlackFideId "10600906"]
[WhiteElo "2272"]
[BlackElo "2386"]
[Result "0-1"]
[Round "11"]
[TimeControl "180+2"]
[Date "2023.03.07"]
[WhiteClock "0:00:12"]
[BlackClock "0:00:30"]

1. e4 c6 2. d4 d5 3. e5 c5 4. dxc5 e6 5. Nf3 Bxc5 6. a3 Nc6 7. b4 Bb6 8. Bb2 Nge7 9. Bd3 Ng6 10. O-O Nf4 11. c4 Nxd3 12. Qxd3 dxc4 13. Qxc4 O-O 14. Nc3 Nd4 15. Kh1 Nxf3 16. gxf3 Bd7 17. Rad1 Qe7 18. Qg4 Bc6 19. Ne4 Rad8 20. Nf6+ Kh8 21. Rxd8 Qxd8 22. Rg1 g6 23. Qh3 Qxf6 24. exf6 Rd8 25. Kg2 Rd2 26. Rf1 h5 27. Be5 Rd3 28. Qg3 Kh7 29. Qf4 Rxa3 30. Re1 Rb3 31. Bd6 Rb2 32. Bf8 Rxf2+ 33. Kg3 Kg8 34. Qh6 Rxf3+ 35. Kh4 Bf2+ 36. Kg5 Rf5# 0-1


[Site "https://www.chess.com"]

[Event "Titled Tuesday Blitz March 07 Early 2023"]
[White "Degenbaev, Aziz"]
[Black "Matveeva, Olga"]
[WhiteFideId "13802640"]
[BlackFideId "24107018"]
[WhiteElo "2152"]
[BlackElo "2056"]
[Result "1-0"]
[Round "11"]
[TimeControl "180+2"]
[Date "2023.03.07"]
[WhiteClock "0:00:03"]
[BlackClock "0:00:06"]

1. e4 e6 2. d4 d5 3. Nc3 Nf6 4. e5 Nfd7 5. Nce2 c5 6. c3 Nc6 7. Nf3 f6 8. Nf4 Ndxe5 9. dxe5 fxe5 10. Nxe5 Nxe5 11. Qh5+ Nf7 12. Bb5+ Bd7 13. Nxe6 Qe7 14. Qe2 Rc8 15. O-O a6 16. Bxd7+ Kxd7 17. Re1 Rc6 18. Nxf8+ Qxf8 19. Qg4+ Kc7 20. Bf4+ Kb6 21. Qd7 Qd8 22. Qxf7 Rf8 23. Qxg7 Rxf4 24. Re7 Qc8 25. Rae1 Rcf6 26. Re8 Qc6 27. f3 c4 28. Rb8 Ka7 29. Qg8 Qc5+ 30. Kh1 Qf2 31. Ra8+ Kb6 32. Qd8+ Kb5 33. Qe8+ Kb6 34. Qe3+ Qxe3 35. Rxe3 d4 36. cxd4 Rxd4 37. h3 Rd2 38. Rc8 Rxb2 39. Rxc4 Rxa2 40. Rb4+ Ka7 41. Re7 h6 42. Rexb7+ Ka8 43. Rb8+ 1-0


[Site "https://www.chess.com"]

[Event "Titled Tuesday Blitz March 07 Early 2023"]
[White "Kalajzic, Ivan"]
[Black "Delorme, Alban"]
[WhiteFideId "14506378"]
[BlackFideId "623636"]
[WhiteElo "2203"]
[BlackElo "2196"]
[Result "0-1"]
[Round "11"]
[TimeControl "180+2"]
[Date "2023.03.07"]
[WhiteClock "0:00:26"]
[BlackClock "0:00:02"]

1. d4 Nf6 2. Nc3 d5 3. Bg5 e6 4. e4 dxe4 5. Nxe4 Be7 6. Bxf6 Bxf6 7. Nf3 b6 8. c3 Bb7 9. Bd3 Nd7 10. Qc2 O-O 11. h4 c5 12. dxc5 Nxc5 13. Nxc5 bxc5 14. O-O-O Qa5 15. Bxh7+ Kh8 16. Be4 Bxe4 17. Qxe4 Qxa2 18. Ng5 g6 19. f4 Rab8 20. Qb1 Qa4 21. Ne4 Rfd8 22. h5 Rxd1+ 23. Rxd1 gxh5 24. Rh1 h4 25. g3 Qc6 26. Rh2 Kg7 27. Qd3 Rd8 28. Qf3 c4 29. Qg4+ Kf8 30. Nxf6 Qd6 31. Nh7+ Ke8 32. Qg5 Qd1# 0-1


[Site "https://www.chess.com"]

[Event "Titled Tuesday Blitz March 07 Early 2023"]
[White "Larina, Maria"]
[Black "Erzhanov, Arman"]
[WhiteFideId "24113182"]
[BlackFideId "4138821"]
[WhiteElo "1848"]
[BlackElo "2138"]
[Result "0-1"]
[Round "11"]
[TimeControl "180+2"]
[Date "2023.03.07"]
[WhiteClock "0:00:09"]
[BlackClock "0:01:37"]

1. e4 d6 2. d4 Nf6 3. Nc3 c6 4. a4 e5 5. f3 Nbd7 6. Be3 Be7 7. Bc4 O-O 8. Nge2 b6 9. O-O a6 10. Ba2 Bb7 11. d5 c5 12. Ng3 Kh8 13. Nf5 g6 14. Nxe7 Qxe7 15. Bh6 Rfe8 16. Qe1 Ng8 17. Be3 Rf8 18. f4 exf4 19. Bxf4 Ne5 20. Qg3 Rae8 21. Rae1 Bc8 22. Nd1 f6 23. Ne3 b5 24. axb5 axb5 25. Bb1 c4 26. c3 Qa7 27. Kh1 Bd7 28. h3 Qb6 29. Ng4 Bxg4 30. hxg4 g5 31. Be3 Qc7 32. Bc2 Qd7 33. Rf5 Nh6 34. Bd4 Nxf5 35. exf5 Kg7 36. Re3 Rh8 37. Kg1 h5 38. gxh5 Rxh5 39. Re2 Reh8 40. Kf2 Qb7 41. Bxe5 dxe5 42. Qf3 Rh4 43. Rd2 Rf4 0-1


[Site "https://www.chess.com"]

[Event "Titled Tuesday Blitz March 07 Early 2023"]
[White "Iskusnyh, Sergei"]
[Black "Gonzalez, Francisco Silva"]
[WhiteFideId "4120027"]
[BlackFideId "1512285"]
[WhiteElo "2492"]
[BlackElo "2074"]
[Result "1-0"]
[Round "11"]
[TimeControl "180+2"]
[Date "2023.03.07"]
[WhiteClock "0:00:09"]
[BlackClock "0:00:08"]

1. d4 Nf6 2. c4 e6 3. g3 d5 4. Bg2 dxc4 5. Nf3 Nc6 6. O-O Rb8 7. e3 Be7 8. Nfd2 e5 9. Nxc4 exd4 10. exd4 Nxd4 11. Nc3 O-O 12. Bf4 Bg4 13. f3 Be6 14. Ne5 Bc5 15. Kh1 Nf5 16. Qc1 Nd5 17. Ne4 Nxf4 18. Qxc5 Nxg2 19. Kxg2 Qd5 20. Qxd5 Bxd5 21. Rfe1 Rfe8 22. Nd7 Be6 23. Nxb8 Rxb8 24. Rad1 c6 25. g4 Nh4+ 26. Kg3 Ng6 27. a3 h6 28. Nc3 Nf8 29. f4 g6 30. Rd4 c5 31. Rd6 Rc8 32. Red1 Kg7 33. Rd8 Rc6 34. Rb8 Rb6 35. Rd2 c4 36. Ne4 Nd7 37. Rd8 Nf6 38. Nxf6 Kxf6 39. R8d6 Rb3+ 40. Kf2 Ke7 41. f5 gxf5 42. gxf5 Bxf5 43. Rxh6 Be6 44. h4 c3 45. bxc3 Rxc3 46. Rb2 b6 47. a4 Ra3 48. Rb4 Kf8 49. Rh5 Ke7 50. Rg5 Rh3 51. Rg3 Rh2+ 52. Ke3 Kf6 53. Rf4+ Ke5 54. Rg5+ Kd6 55. h5 f5 56. Rd4+ Ke5 57. Rd8 Rh3+ 58. Kd2 Kf4 59. Rg6 Bc4 60. Rd4+ Ke5 61. Rxc4 Rxh5 62. Rg7 a6 63. Rc6 Rh4 64. Rxb6 Rxa4 65. Re7+ Kf4 66. Ra7 Kg5 67. Raxa6 Rd4+ 68. Ke3 Re4+ 69. Kf3 Rf4+ 70. Ke3 Re4+ 71. Kd3 Rf4 72. Rg6+ Kh4 73. Rg8 Rf3+ 74. Ke2 Re3+ 75. Kxe3 1-0


[Site "https://www.chess.com"]

[Event "Titled Tuesday Blitz March 07 Early 2023"]
[White "Devaev, Alexander"]
[Black "Oro, Faustino"]
[WhiteFideId "4169395"]
[BlackFideId "20000197"]
[WhiteElo "2225"]
[BlackElo "1984"]
[Result "0-1"]
[Round "11"]
[TimeControl "180+2"]
[Date "2023.03.07"]
[WhiteClock "0:00:01"]
[BlackClock "0:00:03"]

1. d4 Nf6 2. c4 e6 3. Nf3 d5 4. Nc3 Be7 5. cxd5 exd5 6. Bg5 O-O 7. e3 h6 8. Bxf6 Bxf6 9. Qc2 c6 10. Bd3 Re8 11. h3 Nd7 12. O-O Nf8 13. b4 Qd6 14. b5 c5 15. dxc5 Qxc5 16. Rac1 Be6 17. Ne4 Qe7 18. Nxf6+ Qxf6 19. Nd4 Nd7 20. Qc7 Ne5 21. Be2 Re7 22. Qa5 Bd7 23. Rc7 b6 24. Qb4 Rae8 25. Rfc1 Qg6 26. Kf1 f5 27. Nf3 Nf7 28. Rxa7 Qf6 29. Qd4 Qd6 30. Rac7 Re4 31. Qb2 f4 32. Bd3 R4e7 33. exf4 Qxf4 34. Qd2 Qd6 35. a4 Ra8 36. Qc2 Rae8 37. Bh7+ Kf8 38. Nh4 Ne5 39. Kg1 Rf7 40. Bg6 Nxg6 41. Qxg6 Qf4 42. Qg3 Qf6 43. Ng6+ Kg8 44. Nh4 d4 45. Kh2 d3 46. Qxd3 Qxh4 47. Qg3 Qf6 48. Rd1 Be6 49. Rc6 Ref8 50. Rdd6 Re7 51. Rxb6 Qf5 52. f3 Bc4 53. Rg6 Ref7 54. Rxh6 Bf1 55. Rhg6 Qc2 56. Rbc6 Qb2 0-1


[Site "https://www.chess.com"]

[Event "Titled Tuesday Blitz March 07 Early 2023"]
[White "Sadubayev, Airat"]
[Black "Mazurkiewicz, Michal"]
[WhiteFideId "13713264"]
[BlackFideId "1124943"]
[WhiteElo "2129"]
[BlackElo "2054"]
[Result "0-1"]
[Round "11"]
[TimeControl "180+2"]
[Date "2023.03.07"]
[WhiteClock "0:00:10"]
[BlackClock "0:01:55"]

1. d4 Nf6 2. c4 e5 3. dxe5 Ng4 4. Nf3 Bc5 5. e3 Nc6 6. Qd5 Qe7 7. Nc3 Ncxe5 8. Nxe5 Nxe5 9. Be2 O-O 10. O-O d6 11. f4 Ng4 12. Bxg4 Bxg4 13. Ne4 c6 14. Qd3 Bf5 15. Nxc5 Bxd3 16. Nxd3 Qe4 17. Nf2 Qxc4 18. b3 Qc3 19. Rb1 f5 20. Rd1 Rfe8 21. h3 d5 22. Nd3 Qc2 23. Bb2 Rxe3 24. Ne5 Re2 25. g3 Rg2+ 26. Kh1 Rh2+ 27. Kg1 Qg2# 0-1


[Site "https://www.chess.com"]

[Event "Titled Tuesday Blitz March 07 Early 2023"]
[White "Heinemann, Josefine"]
[Black "Moksh Amit Doshi"]
[WhiteFideId "12900460"]
[BlackFideId "25064967"]
[WhiteElo "2342"]
[BlackElo "2297"]
[Result "0-1"]
[Round "11"]
[TimeControl "180+2"]
[Date "2023.03.07"]
[WhiteClock "0:00:54"]
[BlackClock "0:00:19"]

1. e4 e5 2. Nf3 Nc6 3. Bb5 a6 4. Ba4 Nf6 5. O-O Be7 6. Re1 b5 7. Bb3 O-O 8. a4 Bb7 9. d3 d6 10. Nc3 Na5 11. Ba2 b4 12. Ne2 c5 13. Ng3 Re8 14. c3 Bf8 15. d4 exd4 16. cxd4 c4 17. Bb1 Nb3 18. Ra2 Nxc1 19. Qxc1 Rc8 20. Ra1 g6 21. Qf4 Bg7 22. Ng5 a5 23. e5 dxe5 24. dxe5 h6 25. Nxf7 Kxf7 26. Be4 g5 27. Qf5 Bxe4 28. Nxe4 Qd7 29. Nd6+ Kg8 30. exf6 Qxf5 31. Nxf5 Bxf6 32. Nxh6+ Kh7 33. Nf7 Bxb2 34. Rad1 Rxe1+ 35. Rxe1 c3 36. Nxg5+ Kg6 37. Nh3 c2 38. Nf4+ Kf5 39. Nd3 c1=Q 0-1


[Site "https://www.chess.com"]

[Event "Titled Tuesday Blitz March 07 Early 2023"]
[White "Belov, Alexei"]
[Black "Mikhalsky, Vladimir"]
[WhiteFideId "4128206"]
[BlackFideId "14144352"]
[WhiteElo "2547"]
[BlackElo "2272"]
[Result "0-1"]
[Round "11"]
[TimeControl "180+2"]
[Date "2023.03.07"]
[WhiteClock "0:01:20"]
[BlackClock "0:00:41"]

1. e4 g6 2. d4 Bg7 3. Nc3 d6 4. f4 Nf6 5. Nf3 O-O 6. Be3 a6 7. a4 Nc6 8. e5 Ng4 9. Qd2 Nxe3 10. Qxe3 Nb4 11. O-O-O Bf5 12. Ne4 d5 13. Ng3 Bxc2 14. Rd2 Qd7 15. Rxc2 Nxc2 16. Kxc2 Qxa4+ 17. Qb3 Qc6+ 18. Qc3 Qb6 19. Bd3 e6 20. Kb1 Rfc8 21. Rc1 Bf8 22. Nd2 c5 23. dxc5 Rxc5 24. Qb3 Rxc1+ 25. Kxc1 Rc8+ 26. Kb1 Qe3 27. Ngf1 Qxf4 28. Qxb7 Rc5 29. Qb8 Ra5 30. Nf3 Qa4 31. N1d2 Qd1# 0-1


[Site "https://www.chess.com"]

[Event "Titled Tuesday Blitz March 07 Early 2023"]
[White "Pein, Jonathan"]
[Black "Pinheiro, Iung Alicio de O."]
[WhiteFideId "417092"]
[BlackFideId "2104350"]
[WhiteElo "2151"]
[BlackElo "2283"]
[Result "1-0"]
[Round "11"]
[TimeControl "180+2"]
[Date "2023.03.07"]
[WhiteClock "0:00:07"]
[BlackClock "0:00:01"]

1. e4 c5 2. Ne2 Nc6 3. g3 d5 4. Bg2 dxe4 5. Bxe4 Nf6 6. Bg2 h5 7. h3 g6 8. d3 Bg7 9. Nbc3 Qc7 10. Be3 b6 11. d4 cxd4 12. Nxd4 Bb7 13. Bf4 Qc8 14. Ndb5 O-O 15. O-O Nb4 16. Nc7 Bxg2 17. Kxg2 Qb7+ 18. Qf3 Qxf3+ 19. Kxf3 Rac8 20. Rac1 Rfd8 21. a3 Nbd5 22. N7xd5 Nxd5 23. Nxd5 Rxd5 24. c3 Rcd8 25. Ke2 e5 26. Be3 f5 27. f3 Kf7 28. b4 Ke6 29. a4 Rd3 30. Bd4 exd4 31. Kxd3 dxc3+ 32. Kc4 Rd4+ 33. Kb3 a5 34. bxa5 bxa5 35. Rfe1+ Kf7 36. Kxc3 Rxa4+ 37. Kd3 Ra3+ 38. Ke2 Bd4 39. Red1 Be5 40. f4 1-0


[Site "https://www.chess.com"]

[Event "Titled Tuesday Blitz March 07 Early 2023"]
[White "Kaplan, Avi Harrison"]
[Black "Gheorghiu, Calin"]
[WhiteFideId "30934559"]
[BlackFideId "1200305"]
[WhiteElo "1983"]
[BlackElo "2223"]
[Result "1/2-1/2"]
[Round "11"]
[TimeControl "180+2"]
[Date "2023.03.07"]
[WhiteClock "0:00:05"]
[BlackClock "0:00:09"]

1. g3 d5 2. Bg2 e5 3. d3 Nc6 4. f4 Nf6 5. Nf3 e4 6. dxe4 Nxe4 7. c4 Be6 8. cxd5 Bxd5 9. Nbd2 Bb4 10. a3 Ba5 11. b4 Bb6 12. Nxe4 Bxe4 13. Bb2 O-O 14. Qb3 Qe7 15. Qc3 f6 16. e3 Bxf3 17. Bxf3 Bxe3 18. Kf1 Kh8 19. Re1 Bd4 20. Qxd4 Nxd4 21. Rxe7 Nxf3 22. Ke2 Rad8 23. Kxf3 Rd2 24. Re2 Rd3+ 25. Kf2 Rfd8 26. Rhe1 h6 27. Re8+ Rxe8 28. Rxe8+ Kh7 29. Re2 b6 30. Kg2 c5 31. bxc5 bxc5 32. Kh3 Kg6 33. Rc2 Rd5 34. Bc1 Kf5 35. Be3 Ke4 36. Bxc5 Kd3 37. Rc1 Kd2 38. Rc4 Kd3 39. Ra4 Rxc5 40. Rxa7 g5 41. fxg5 hxg5 42. Ra6 f5 43. a4 Ke3 44. Rg6 g4+ 45. Kh4 Rc2 46. Rf6 Rxh2+ 47. Kg5 Rg2 48. Rxf5 Rxg3 49. Rb5 Rg1 50. Rb3+ Kd4 51. Rb4+ Kc5 52. Rb5+ Kc6 53. Rb2 g3 54. Rc2+ Kb6 55. Kg4 Ka5 56. Rc4 g2 57. Kg3 Ra1 58. Kxg2 Rxa4 59. Rc8 Kb4 60. Kf3 Ka3 61. Ke2 Ra5 62. Kd2 Kb4 63. Kd3 Kb5 64. Kd4 Ra6 65. Rc1 Kb6 66. Kd5 Kb7 67. Rb1+ Kc7 68. Rh1 Kb7 69. Rh7+ Kb6 70. Rh1 Kb7 71. Kc5 Ra5+ 72. Kd6 Ra6+ 73. Kd7 Rb6 74. Rc1 Rb5 75. Rc7+ Kb6 76. Rc8 Ka5 77. Rc1 Kb4 78. Kc6 Ra5 79. Rb1+ Kc3 80. Kb6 Rh5 81. Rc1+ Kb2 82. Rg1 Kc3 83. Rg3+ Kb4 84. Rg4+ Kb3 85. Rg6 Kb4 86. Rc6 Kb3 87. Rc5 Rxc5 88. Kxc5 1/2-1/2


[Site "https://www.chess.com"]

[Event "Titled Tuesday Blitz March 07 Early 2023"]
[White "Cella, Glaucio Dalla Cortt"]
[Black "Dinu, Dumitru-Daniel"]
[WhiteFideId "2119455"]
[BlackFideId "1208403"]
[WhiteElo "2011"]
[BlackElo "2240"]
[Result "1-0"]
[Round "11"]
[TimeControl "180+2"]
[Date "2023.03.07"]
[WhiteClock "0:00:10"]
[BlackClock "0:00:11"]

1. e4 c5 2. Nf3 e6 3. c3 d5 4. exd5 Qxd5 5. Na3 Nf6 6. d4 Nc6 7. Nb5 Qd8 8. dxc5 Bxc5 9. Qxd8+ Kxd8 10. Ng5 Ke7 11. b4 Bb6 12. Nd6 Kxd6 13. Nxf7+ Ke7 14. Nxh8 Bd7 15. b5 Ne5 16. Ba3+ Ke8 17. Be2 Ne4 18. f4 Nf2 19. fxe5 Nxh1 20. Kd2 Nf2 21. Rf1 Bc5 22. Bh5+ g6 23. Bxc5 Ne4+ 24. Ke3 Nxc5 25. Nxg6 hxg6 26. Bxg6+ Ke7 27. Rf7+ Ke8 28. Rh7+ Kf8 29. Rh8+ Kg7 30. Rxa8 Kxg6 31. Kd4 b6 32. Rxa7 Bxb5 33. c4 Bc6 34. g3 Kf5 35. Rc7 Bg2 36. a4 Nxa4 37. Ke3 Nc5 38. Rf7+ Kxe5 39. h4 Be4 40. g4 Na4 41. h5 Nb2 42. Rc7 Nd1+ 43. Kd2 Nf2 44. g5 Bf3 45. h6 Ne4+ 46. Ke3 Nxg5 47. Rg7 Kf6 48. Rxg5 Be4 49. Rg7 Bf5 50. Rb7 e5 51. h7 Bxh7 52. Rxh7 Ke6 53. Ke4 Kd6 54. Rh5 Kc5 55. Rxe5+ Kxc4 56. Re6 b5 57. Ke3 b4 58. Kd2 Kb3 59. Kc1 Ka3 60. Kb1 b3 61. Ra6+ Kb4 62. Rb6+ Kc3 63. Rb8 Kc4 64. Rc8+ Kb4 65. Kb2 Ka4 66. Rb8 1-0


[Site "https://www.chess.com"]

[Event "Titled Tuesday Blitz March 07 Early 2023"]
[White "Santos Flores, Alberto"]
[Black "Markus, Robert"]
[WhiteFideId "3601234"]
[BlackFideId "921637"]
[WhiteElo "2235"]
[BlackElo "2623"]
[Result "1-0"]
[Round "11"]
[TimeControl "180+2"]
[Date "2023.03.07"]
[WhiteClock "0:01:30"]
[BlackClock "0:00:26"]

1. e4 c5 2. Nf3 d6 3. d4 cxd4 4. Nxd4 Nf6 5. Nc3 a6 6. Be3 e5 7. Nb3 Be7 8. f3 O-O 9. Qd2 Be6 10. O-O-O Nbd7 11. g4 b5 12. g5 b4 13. Ne2 Ne8 14. Kb1 a5 15. h4 a4 16. Nbc1 b3 17. cxb3 axb3 18. a3 d5 19. exd5 Bf5+ 20. Nd3 Nd6 21. Bh3 Nc4 22. Qc1 Bxd3+ 23. Rxd3 Rc8 24. Rc3 Nxe3 25. Qxe3 Rxc3 26. Nxc3 Nb6 27. Qxe5 Bd6 28. Qd4 Re8 29. Rc1 Be5 30. Qd3 Qa8 31. d6 Rd8 32. d7 Qb7 33. Rd1 Qc6 34. Ne4 Nc4 35. Rc1 Nxa3+ 36. bxa3 Qa4 37. Rc8 Bc7 38. Kb2 Be5+ 39. Nc3 Bc7 40. Nxa4 1-0


[Site "https://www.chess.com"]

[Event "Titled Tuesday Blitz March 07 Early 2023"]
[White "Bogaudinov, Rushan"]
[Black "Bilan, Danila"]
[WhiteFideId "4129288"]
[BlackFideId "24161918"]
[WhiteElo "1949"]
[BlackElo "2182"]
[Result "0-1"]
[Round "11"]
[TimeControl "180+2"]
[Date "2023.03.07"]
[WhiteClock "0:00:17"]
[BlackClock "0:00:06"]

1. e4 c6 2. d4 d5 3. e5 c5 4. dxc5 Nc6 5. Nf3 Bg4 6. Bb5 e6 7. Be3 Qa5+ 8. Nc3 Ne7 9. a3 Nf5 10. b4 Qc7 11. O-O Be7 12. h3 Bxf3 13. Qxf3 d4 14. Ne4 dxe3 15. Nd6+ Bxd6 16. exd6 exf2+ 17. Qxf2 Qd7 18. c3 O-O 19. g4 Nh6 20. a4 Rac8 21. Qg2 Kh8 22. Rae1 Ng8 23. g5 b6 24. Re5 Qd8 25. Bxc6 bxc5 26. bxc5 f6 27. gxf6 Rxf6 28. Rfe1 Rg6 29. R1e3 Rxg2+ 30. Kxg2 Rxc6 31. Rf3 Nf6 32. Rxe6 Rxc5 0-1


[Site "https://www.chess.com"]

[Event "Titled Tuesday Blitz March 07 Early 2023"]
[White "Topalov, Aleksandar"]
[Black "Ramirez Allo, Eduardo"]
[WhiteFideId "925659"]
[BlackFideId "2224178"]
[WhiteElo "2151"]
[BlackElo "2485"]
[Result "1-0"]
[Round "11"]
[TimeControl "180+2"]
[Date "2023.03.07"]
[WhiteClock "0:00:18"]
[BlackClock "0:00:01"]

1. b3 e5 2. Bb2 Nc6 3. c4 Nf6 4. e3 d5 5. cxd5 Nxd5 6. a3 a5 7. Qc2 Be7 8. Nf3 f6 9. Be2 O-O 10. O-O Be6 11. d3 Qd7 12. Nbd2 Rad8 13. Rac1 Kh8 14. Rfd1 g5 15. Ne4 g4 16. Nfd2 f5 17. Nc5 Bxc5 18. Qxc5 Rde8 19. Nc4 b6 20. Nxb6 cxb6 21. Qxc6 Qg7 22. Qb5 Bg8 23. d4 e4 24. g3 h5 25. Bc4 Rd8 26. Bxd5 Bxd5 27. Qxb6 Rd7 28. Rc5 Rfd8 29. Rdc1 f4 30. exf4 e3 31. fxe3 Qe7 32. Qh6+ Kg8 33. Qg6+ Kf8 34. Qh6+ Kg8 35. Qg5+ Qxg5 36. fxg5 Bxb3 37. e4 a4 38. Rf5 Re8 39. e5 Rb8 40. Bc3 Be6 41. Rf6 Bd5 42. Bb4 Bb3 43. Rd6 Rf7 44. Rf1 Rxf1+ 45. Kxf1 Rf8+ 46. Ke2 Bc4+ 47. Ke3 Rf3+ 48. Ke4 Rf2 49. e6 Re2+ 50. Kf5 Bd3+ 51. Kf6 Rf2+ 52. Ke7 Rxh2 53. Rd8+ Kg7 54. Kd6 h4 55. e7 Bg6 56. d5 hxg3 57. Bc3+ Kf7 58. Rf8# 1-0


[Site "https://www.chess.com"]

[Event "Titled Tuesday Blitz March 07 Early 2023"]
[White "Fabris, Alberto"]
[Black "Sreyas Payyappat"]
[WhiteFideId "801348"]
[BlackFideId "46674969"]
[WhiteElo "2178"]
[BlackElo "2083"]
[Result "1-0"]
[Round "11"]
[TimeControl "180+2"]
[Date "2023.03.07"]
[WhiteClock "0:00:20"]
[BlackClock "0:00:08"]

1. d4 Nf6 2. Nf3 c5 3. c3 e6 4. Bf4 Nc6 5. e3 Nh5 6. Bg5 Qb6 7. Qb3 h6 8. Bh4 g5 9. Bg3 Nxg3 10. hxg3 Bg7 11. Nbd2 d5 12. Bd3 c4 13. Qxb6 axb6 14. Bc2 f5 15. Ke2 O-O 16. b3 b5 17. b4 Ra3 18. Nb1 Ra6 19. a4 Bd7 20. Na3 Na7 21. axb5 Nxb5 22. Nxb5 Bxb5 23. Rxa6 bxa6 24. Ra1 f4 25. gxf4 gxf4 26. Nh4 e5 27. Ng6 exd4 28. exd4 Rf6 29. Kf3 h5 30. Ne7+ Kf7 31. Nxd5 Bc6 32. Be4 Re6 33. Rxa6 Bf8 34. Ra7+ Kg8 35. Rc7 Kh8 36. b5 Bxb5 37. Nxf4 Rf6 38. Rh7+ Kg8 39. Rxh5 Bd7 40. Rg5+ Kf7 41. Bd5+ Ke8 42. Re5+ Kd8 43. Be6 Bd6 44. Bxd7 Bxe5 45. dxe5 Ra6 46. e6 Ra3 47. Nd5 Ra5 48. Ke4 Ra1 49. Ke5 Re1+ 50. Kd6 Rxe6+ 51. Bxe6 Ke8 52. Ne3 Kd8 53. Nxc4 Ke8 54. f4 Kd8 55. f5 Ke8 56. f6 Kd8 57. Ne5 Ke8 58. f7+ Kd8 59. f8=Q# 1-0


[Site "https://www.chess.com"]

[Event "Titled Tuesday Blitz March 07 Early 2023"]
[White "Ardila, Oscar Humberto"]
[Black "Hernandez Sanchez, Elvis De La Caridad"]
[WhiteFideId "4404742"]
[BlackFideId "6400353"]
[WhiteElo "1911"]
[BlackElo "2457"]
[Result "0-1"]
[Round "11"]
[TimeControl "180+2"]
[Date "2023.03.07"]
[WhiteClock "0:00:05"]
[BlackClock "0:00:12"]

1. d4 Nf6 2. c4 g6 3. Nc3 Bg7 4. Nf3 O-O 5. e3 c5 6. Be2 cxd4 7. Nxd4 Nc6 8. Nxc6 bxc6 9. O-O Rb8 10. Qc2 d5 11. cxd5 cxd5 12. Rd1 Be6 13. Nb5 Bf5 14. Qa4 Bd7 15. Qa6 Rb6 16. Qa5 Rxb5 17. Qxd8 Rxd8 18. Bxb5 Bxb5 19. Bd2 Ne4 20. Ba5 Rc8 21. f3 Nd6 22. Rxd5 Bxb2 23. Rb1 Rc1+ 24. Rxc1 Bxc1 25. Kf2 a6 26. Bb4 Nc4 27. Rd8+ Kg7 28. Bxe7 Bxe3+ 29. Kg3 Bb6 30. Rd1 Ne3 31. Re1 Nf5+ 32. Kh3 Bd7 33. g4 Nd4 34. Kg2 Bc6 35. Rb1 Ba5 36. g5 Nxf3 37. Bf6+ Kf8 38. Rb8+ Be8 39. Kxf3 Bc7 40. Ra8 a5 41. Ke4 Bb6 42. h4 Bc7 43. Kd5 Bb6 44. a4 Bc7 45. Kc5 Bg3 46. Kb6 Be1 47. Rc8 Bd2 48. Rb8 Be1 49. Ra8 Bd2 50. Rxa5 Bxa5+ 51. Kxa5 Bc6 52. Kb4 Ke8 53. a5 Kd7 54. Kc5 Bf3 55. Kb6 Ke6 56. a6 h5 57. Kc7 Kf5 58. Kb8 Kg4 59. a7 Kxh4 60. a8=Q Bxa8 61. Kxa8 Kg4 62. Kb7 h4 63. Kc7 h3 64. Be5 Kxg5 65. Kd7 f5 66. Bh2 Kg4 67. Ke6 f4 68. Ke5 f3 69. Ke4 f2 0-1


[Site "https://www.chess.com"]

[Event "Titled Tuesday Blitz March 07 Early 2023"]
[White "Djokovic, Nebojsa"]
[Black "Valle Maytin, Luis Enrique"]
[WhiteFideId "938300"]
[BlackFideId "3503666"]
[WhiteElo "2551"]
[BlackElo "2225"]
[Result "0-1"]
[Round "11"]
[TimeControl "180+2"]
[Date "2023.03.07"]
[WhiteClock "0:02:08"]
[BlackClock "0:00:12"]

1. c4 c5 2. Nf3 Nc6 3. g3 g6 4. Bg2 Bg7 5. O-O d6 6. Nc3 e6 7. d3 Nge7 8. Bg5 O-O 9. Qd2 Qd7 10. Bh6 b6 11. h4 Bb7 12. h5 Rad8 13. Qg5 f6 14. Qd2 Bxh6 15. Qxh6 Nf5 16. Qd2 g5 17. Bh3 Qg7 18. Bxf5 exf5 19. Nd5 Ne5 20. Nxe5 fxe5 21. e4 Kh8 22. f3 g4 23. exf5 Rxf5 24. fxg4 Qxg4 25. Qg2 Rxh5 26. Rf7 Bxd5 27. cxd5 Rg8 28. Rf3 Rhg5 29. Raf1 Qd4+ 30. R1f2 Qxd5 31. Qh3 e4 32. dxe4 Qxe4 33. Kh2 Qg6 34. Rf5 Rxg3 35. Qh4 Rg2+ 36. Kh1 Rg1+ 37. Kh2 Rg2+ 38. Kh1 Rxf2 39. Qxf2 Qh6+ 40. Qh2 Qc1+ 41. Rf1 Qxf1+ 42. Qg1 Qxg1# 0-1


[Site "https://www.chess.com"]